 Dungeon Crawl Stone Soup version 0.27-a0-1325-g58a489ad9e (webtiles) character file.

Game seed: 12891521813216192481

166604 spiderkeys the Brawler (level 17, -5/178 HPs)
             Began as a Troll Abyssal Knight on June 23, 2021.
             Was a High Priest of Lugonu.
             Slain by an iron troll (16 damage)
             ... on level 1 of the Depths on June 24, 2021.
             The game lasted 01:16:24 (34843 turns).

spiderkeys the Brawler (Troll Abyssal Knight)      Turns: 34843, Time: 01:16:25

Health: -5/178     AC: 13    Str: 28    XL:     17   Next: 30%
Magic:  0/26       EV: 11    Int: 12    God:    Lugonu [*****.]
Gold:   1777       SH:  0    Dex: 10    Spells: 16/16 levels left

rFire    + + .     SeeInvis .     - Unarmed
rCold    . . .     Faith    .   (no shield)
rNeg     + . .     Spirit   +   c - +0 fire dragon scales
rPois    +         Reflect  .   (helmet restricted)
rElec    .         Harm     .   f - +0 cloak of Dishonour {Rampage Drain +Blink rPois}
rCorr    .         Rampage  +   (gloves unavailable)
Will     +....                  (boots unavailable)
Stlth    ..........             S - amulet of Hedonism {Spirit +Inv rN+ Int+4}
HPRegen  1.39/turn              Y - +4 ring of slaying
MPRegen  0.20/turn              C - ring of protection from cold

@: studying Ice Magic
A: large, unfitting armour, claws 3, regeneration 1, shaggy fur 1, tough skin 1
a: Renounce Religion, Evoke Blink, Evoke Invisibility, Depart the Abyss, Bend
Space, Banish, Corrupt, Enter the Abyss


You were on level 1 of the Depths.
You worshipped Lugonu.
Lugonu was extremely pleased with you.
You visited 5 branches of the dungeon, and saw 25 of its levels.
You visited the Abyss 3 times.
You also visited: Ice Cave.

You collected 2429 gold pieces.
You spent 652 gold pieces at shops.


Innate Abilities, Weirdness & Mutations

You are too large for most types of armour.
You have claws for hands.
Your natural rate of healing is unusually fast.
You are covered in fur. (AC +1)
You have tough skin. (AC +1)


   Skills:
 + Level 13.2 Fighting
 + Level 7.6 Throwing
 + Level 6.8 Armour
 - Level 11.5 Dodging
 + Level 15.2 Unarmed Combat
 + Level 14.0 Invocations


You had 16 spell levels left.
You didn't know any spells.
Your spell library contained the following spells:

 Spells                   Type           Power      Damage    Failure   Level
 Foxfire                  Conj/Fire      0%         2x1d4     61%         1
 Magic Dart               Conj           0%         1d3       61%         1
 Sandblast                Erth           0%         2d4       61%         1
 Summon Small Mammal      Summ           0%         N/A       61%         1
 Blink                    Tloc           N/A        N/A       75%         2
 Call Imp                 Summ           0%         N/A       75%         2
 Passwall                 Tmut/Erth      0%         N/A       75%         2
 Poisonous Vapours        Pois/Air       0%         N/A       75%         2
 Searing Ray              Conj           0%         3d3       75%         2
 Slow                     Hex            0%         N/A       75%         2
 Static Discharge         Conj/Air       0%         N/A       75%         2
 Call Canine Familiar     Summ           0%         N/A       93%         3
 Conjure Flame            Conj/Fire      0%         6-21      93%         3
 Dazzling Flash           Conj/Hex       0%         N/A       93%         3
 Ignite Poison            Fire/Tmut/Pois 0%         N/A       93%         3
 Inner Flame              Hex/Fire       0%         N/A       93%         3
 Mephitic Cloud           Conj/Pois/Air  0%         N/A       93%         3
 Stone Arrow              Conj/Erth      0%         3d7       93%         3
 Summon Guardian Golem    Hex/Summ       0%         N/A       93%         3
 Animate Dead             Necr           0%         N/A       100%        4
 Fulminant Prism          Conj/Hex       0%         3d6       100%        4
 Iskenderun's Mystic Bla  Conj/Tloc      0%         2d3       100%        4
 Petrify                  Tmut/Erth      0%         N/A       100%        4
 Sticky Flame             Conj/Fire      0%         2d3       100%        4
 Summon Ice Beast         Ice/Summ       0%         N/A       100%        4
 Summon Lightning Spire   Summ/Air       0%         N/A       100%        4
 Borgnjor's Vile Clutch   Necr/Erth      0%         N/A       100%        5
 Fireball                 Conj/Fire      0%         3d3       100%        5
 Freezing Cloud           Conj/Ice/Air   0%         6-21      100%        5
 Lee's Rapid Deconstruct  Erth           0%         3d5*      100%        5
 Lightning Bolt           Conj/Air       0%         1d11      100%        5
 Death Channel            Necr           0%         N/A       100%        6
 Simulacrum               Ice/Necr       0%         N/A       100%        6
 Starburst                Conj/Fire      0%         8x6d3     100%        6
 Ignition                 Fire           0%         3d3       100%        8
 Polar Vortex             Ice            0%         N/A       100%        9
 Shatter                  Erth           0%         3d5*      100%        9

Inventory:

Hand Weapons
 z - the +9 sword of Zonguldrok {reap}
   (You found it on level 1 of the Depths)

   If a monster killed with it leaves a corpse in good enough shape, the corpse
   is reanimated as a zombie friendly to the killer.
 G - the +6 mace of Xiphe {venom, Int+2}
   (You found it on level 1 of the Depths)

   It poisons the flesh of those it strikes.
   It affects your intelligence (+2).
 O - the +8 demon trident "Rift" {distort, reach+}
   (You took it off an orc on level 1 of the Orcish Mines)

   It warps and distorts space around it.
   Unwielding it can cause banishment or high damage.
Missiles
 g - 6 javelins
 o - 116 poisoned darts
 p - 5 curare-tipped darts {=f}
 Q - 29 large rocks {=f}
Armour
 c - +0 fire dragon scales (worn)
   (You found it on level 15 of the Dungeon)
 f - the +0 cloak of Dishonour (worn) {Rampage Drain +Blink rPois}
   (You bought it in a shop on level 14 of the Dungeon)

   It protects you from poison.
   It lets you blink.
   It drains your maximum health when unequipped.
   It bestows one free step when moving towards enemies.
 F - +0 ice dragon scales
   (You found it on level 1 of the Depths)
 L - a +4 troll leather armour
   (You found it on level 12 of the Dungeon)
 V - +0 storm dragon scales {rare}
   (You found it on level 1 of the Depths)
Magical Staves
 R - a staff of fire {!a}
   (You took it off a spriggan defender on level 15 of the Dungeon)
Jewellery
 y - a +4 ring of slaying
   (You found it on level 6 of the Lair of Beasts)
 C - a ring of protection from cold (right claw)
   (You found it on level 1 of the Dungeon)
 P - the ring of the Leaf {Fly EV+4 Int+5 Dex-4}
   (You found it on level 1 of the Depths)

   [ring of evasion]

   It affects your evasion (+4).
   It affects your intelligence (+5).
   It affects your dexterity (-4).
   It grants you flight.
 S - the amulet of Hedonism (around neck) {Spirit +Inv rN+ Int+4}
   (You found it on level 14 of the Dungeon)

   [amulet of guardian spirit]

   It causes incoming damage to be divided between your reserves of health and
   magic.
   It affects your intelligence (+4).
   It protects you from negative energy.
   It lets you turn invisible.
 U - the ring "Urisom" {rPois rC- Will+ Str-3 Stlth+}
   (You took it off a spriggan defender on level 15 of the Dungeon)

   [ring of willpower]

   It affects your strength (-3).
   It makes you vulnerable to cold.
   It protects you from poison.
   It increases your willpower.
   It makes you more stealthy.
 Y - a +4 ring of slaying (left claw)
   (You found it on level 1 of the Abyss)
Wands
 n - a wand of iceblast (33)
   (You found it on level 4 of the Dungeon)
 t - a wand of polymorph (4)
   (You took it off Duvessa on level 6 of the Dungeon)
 D - a wand of acid (13)
   (You took it off Maurice on level 8 of the Dungeon)
 H - a wand of digging (6)
   (You found it on level 8 of the Dungeon)
 I - a wand of paralysis (6)
   (You found it on level 8 of the Dungeon)
Scrolls
 a - 6 scrolls of fog
 d - 2 scrolls of summoning
 h - 9 scrolls of vulnerability {!r!r}
 j - a scroll of teleportation {@r4}
 k - a scroll of magic mapping {!r}
 l - a scroll of enchant armour
 r - 3 scrolls of enchant weapon
 x - a scroll of silence {!r}
 A - a scroll of brand weapon
 N - a scroll of holy word
 T - 4 scrolls of immolation {!r!r}
Potions
 b - 2 potions of mutation {!q}
 e - 2 potions of invisibility
 i - 2 potions of might
 m - 3 potions of curing {@q1}
 q - a potion of cancellation
 s - a potion of berserk rage {!q}
 u - 4 potions of lignification {!q}
 v - 2 potions of brilliance
 w - a potion of attraction {!q}
 B - a potion of resistance
 E - 3 potions of haste {@q3}
 J - 5 potions of flight
 K - a potion of magic
 M - a potion of ambrosia

Dungeon Overview and Level Annotations

Branches:
Dungeon (15/15)            Temple (0/1) D:5            Lair (6/6) D:11
 Shoals (0/4) Lair:3       Spider (1/4) Lair:4        Slime (0/5) Lair:5
    Orc (2/2) D:9             Elf (0/3) Orc:2        Vaults (0/5) D:14
 Depths (1/5) D:15          IceCv (visited)

Altars:
Dithmenos
Elyvilon
Qazlal
Uskayaw
The Shining One
Beogh
Jiyva

Shops:
D:6 *   D:14 *   D:15 :   Orc:2 *[=?

Annotations:
D:3 2 transporters

##....##≈.§.≈##
..
##..###.≈.≈##D
#.
##†'##§.≈##.C
..#
####..#####..#
..
#..###..###..#.
#T #..#
##.'#...#.
#T#..#
##'..#... #^T.#
##..#... #.@#
##..##. #TT.#
##.... ......#
##..# ####....#
##.D ##.....
##. #...## ##
####


You could see 2 iron trolls, a deep troll and 2 deep troll shamans.


Message History

You don't have enough magic at the moment.
Space bends sharply around you!
You blink. 😱 HP[-1] MP[-1]
You take 1 damage, and now have 5/178 hp.
You lost 1 mp, and now have 0/26 mp.
You feel better. The fire giant casts a spell at you.
The bolt of fire misses you. 😱 HP[+7] MP[+1]
You regained 7 hp, and now have 12/178 hp.
You feel better. 😱 HP[+12]
You regained 12 hp, and now have 24/178 hp.
Okay, then.
Okay, then.
Magic courses through your body.
The fire giant points at you and mumbles some strange words.
The fireball explodes!
The fireball engulfs you! You resist.
* * * LOW HITPOINT WARNING * * *
You hear an angry buzzing noise. 😱 HP[-5] MP[+19]
You take 5 damage, and now have 19/178 hp.
You regained 19 mp, and now have 20/26 mp.
To return, you must find a gate leading back.
Killing monsters will force the Abyss to allow you passage.
This branch contains the abyssal rune of Zot.
A tentacled starspawn comes into view. 😱 HP[-7] MP[-10]
You take 7 damage, and now have 12/178 hp.
You lost 10 mp, and now have 10/26 mp.
Okay, then.
Tentacles burst from the starspawn's body! 2 starspawn tentacles come into view. 😱 HP[+1] 😱 HP[+1] 😱 HP[+2] MP[+1]
You regained 2 hp, and now have 16/178 hp. 😱 HP[+1] 😱 HP[+2]
You regained 2 hp, and now have 19/178 hp.
Aiming: Dig
Press: ? - help, Shift-Dir - straight line A rock wall.
The rock shatters into small pieces. 😱 HP[+1] 😱 HP[+1]
As you read the scroll of teleportation {@r4}, it crumbles to dust.
You feel strangely unstable.
You feel the power of the Abyss delaying your translocation! 😱 HP[+2] MP[+1]
You regained 2 hp, and now have 23/178 hp. 😱 HP[+1] 😱 HP[+1] 😱 HP[+2]
You regained 2 hp, and now have 27/178 hp. 😱 HP[+1] 😱 HP[+2] MP[+1]
You regained 2 hp, and now have 30/178 hp.
You pass through the gate.
Welcome back to the Depths!
Lugonu is no longer ready to corrupt your weapon.
The fire giant points at you and mumbles some strange words.
The fireball explodes!
The fireball engulfs you! You resist.
* * * LOW HITPOINT WARNING * * *
The fire giant points at you and mumbles some strange words.
The fireball explodes!
The fireball engulfs you! You resist.
* * * LOW HITPOINT WARNING * * *
😱 HP[-12] MP[-6]
You take 12 damage, and now have 18/178 hp.
You lost 6 mp, and now have 7/26 mp. 😱 HP[+1]
The fire giant casts a spell at you.
The bolt of fire hits the fire dragon!
The fire dragon resists.
The bolt of fire hits you. You resist.
* * * LOW HITPOINT WARNING * * *
😱 HP[-4] MP[-1]
You take 4 damage, and now have 15/178 hp.
You lost 1 mp, and now have 6/26 mp. 😱 HP[+2] MP[+1]
You regained 2 hp, and now have 17/178 hp. 😱 HP[+1] 😱 HP[+2]
You regained 2 hp, and now have 20/178 hp. 😱 HP[+1]
Your surroundings suddenly seem different.
A deep troll shaman comes into view.
The deep troll shaman shouts!
A deep troll shaman comes into view.
The deep troll shaman shouts!
A deep troll comes into view.
The deep troll shouts!
An iron troll comes into view.
The iron troll shouts!
An iron troll comes into view.
The iron troll shouts!
You hear a shout! x2
The iron troll bites you!
* * * LOW HITPOINT WARNING * * *
The iron troll claws you!!
You die...

Skill      XL: |  1  2  3  4  5  6  7  8  9 10 11 12 13 14 15 16 17 |
---------------+----------------------------------------------------+-----
Dodging        | 2 3 4 5 6 7 8 9 10 11 | 11.5
Invocations    | 2 3 4 5 6 8 9 10 11 12 13 14 | 14.0
Fighting       | 3 4 5 6 7 8 9 10 11 12 13 | 13.2
Unarmed Combat | 3 4 5 6 7 8 10 11 12 13 14 15 | 15.2
Throwing       | 1 4 7 |  7.6
Armour         | 1 4 6 |  6.8

Action                   |  1- 3 |  4- 6 |  7- 9 | 10-12 | 13-15 | 16-18 || total
-------------------------+-------+-------+-------+-------+-------+-------++-------
Melee: Unarmed           |   123 |   114 |   194 |   712 |  1290 |   534 ||  2967
       Punch             |     2 |     2 |     8 |    40 |    97 |    51 ||   200
Throw: Dart              |       |       |       |     7 |       |       ||     7
       Large rock        |       |       |       |       |    36 |    43 ||    79
       Javelin           |       |       |       |       |     2 |       ||     2
Invok: Depart the Abyss  |     1 |       |       |       |     1 |     1 ||     3
       Bend Space        |       |       |       |     4 |    20 |    26 ||    50
       Banish            |       |       |       |     5 |       |     2 ||     7
       Enter the Abyss   |       |       |       |       |       |     1 ||     1
 Abil: Evoke Blink       |       |       |       |       |       |     1 ||     1
Evoke: Wand              |       |       |     5 |     9 |    14 |     6 ||    34
  Use: Scroll            |       |       |    10 |     4 |    21 |     5 ||    40
       Potion            |       |       |       |    12 |     6 |     7 ||    25
 Stab: Sleeping          |     3 |       |       |       |       |       ||     3
       Petrifying        |       |       |       |       |     1 |       ||     1
Armor: Robe              |    43 |    23 |    53 |       |       |       ||   119
       Steam dragon scal |       |       |     4 |    92 |       |       ||    96
       Troll leather arm |       |       |       |   101 |   419 |   287 ||   807
       Skin              |       |       |       |       |     1 |       ||     1
       Fire dragon scale |       |       |       |       |       |     4 ||     4
Dodge: Dodged            |    54 |    54 |   127 |   372 |   731 |   403 ||  1741

Levels and vault maps discovered:
D:1:      roderic_crossed_star, layout_rooms, basic_ecumenical_altar
D:2:      minmay_diamond_boxcup, layout_loops_ring, minmay_misc_feat_roman
D:3:      layout_loops_ring, gammafunk_temple_overflow_arena, minitemple,
          chequers_serial_rivers_micro_c, kennysheep_cluttered_room
D:4:      layout_cave_pools, kennysheep_orc_chapel
D:5:      layout_basic, minmay_temple_entry_nine_rooms
D:6:      layout_basic, serial_shops, nicolae_inconvenience_store,
          grunt_decor_fettered, uniq_duvessa, uniq_pikel, uniq_blork_the_orc,
          uniq_menkaure
D:7:      layout_cave_pods, grunt_ministairs_11
D:8:      layout_basic, nicolae_overflow_crystal_walls, uniq_maggie,
          uniq_prince_ribbit1, uniq_maurice
D:9:      layout_basic, david_orc_5
D:10:     layout_gridville
D:11:     layout_roguey, david_lair_generic, uniq_grum
D:12:     layout_loops_ring
D:13:     layout_rooms
D:14:     layout_gridville, hangedman_vaults_entry_quadrant_bands, serial_shops,
          shop, minmay_checkered_concentric_circles
D:15:     hangedman_depths_entry_civil_slaughter, layout_grid_maze,
          serial_shops, shop_statue, serial_glass, glass_columns_a,
          glass_columns_a, glass_columns_b, glass_columns_a, glass_columns_a,
          glass_columns_a, glass_columns_b, glass_columns_a, glass_columns_a,
          glass_columns_c, glass_columns_a, glass_columns_a, glass_columns_c,
          glass_columns_a, minmay_strange_pillars, minmay_strange_pillars,
          feat_on_display, minmay_strange_pillars
Lair:1:   layout_roguey, beast_lair_carwin_5, serial_bayou_shore_b,
          grunt_megastairs_3, uniq_joseph, uniq_fannar
Lair:2:   layout_cave_pods, hangedman_lair_generics_rect,
          infiniplex_staircase_pool
Lair:3:   layout_cave_pods, minmay_shoals_entry_beasts, serial_bayou_shore_a,
          grunt_megastairs_4
Lair:4:   layout_regular_city, nicolae_spider_entry_non_spiders, uniq_sonja,
          uniq_josephine
Lair:5:   layout_gridlike, slime_altar_1, cheibrodos_lair_reptile_den
Lair:6:   minmay_lair_end_frog_pond, layout_cave_pods, basic_altar,
          portal_ice_cave_entry_imps, lemuel_fruit_tree
Spider:1: layout_spider_delve, uniq_donald
Orc:1:    orc_temple, layout_caves, basic_altar
Orc:2:    st_orc_pillars, layout_caves, nicolae_orc_lava_tube
Depths:1: regret_index_qazlal_generations, layout_basic, enter_ziggurat_c,
          serial_shops, shop, lightli_too_deep, abyss_entry,
          minmay_fire_ice_demons

Notes
Turn   | Place    | Note
-------+----------+-------------------------------------------
     0 | Abyss:1  | spiderkeys the Troll Abyssal Knight began the quest for the
                  | Orb.
     0 | Abyss:1  | Reached XP level 1. HP: 22/22 MP: 1/1
     0 | Abyss:1  | magus.rc [v1.9.10]
    93 | Abyss:1  | Noticed a starcursed mass
    96 | Abyss:1  | Noticed a bone dragon
    97 | D:1      | You pass through the gate.
    97 | D:1      | Escaped the Abyss
   165 | D:1      | Reached skill level 2 in Dodging
   178 | D:1      | Reached * piety under Lugonu
   201 | D:1      | Reached XP level 2. HP: 29/29 MP: 2/2
   276 | D:1      | Found a faded altar of an unknown god.
   380 | D:1      | Reached skill level 2 in Invocations
   440 | D:1      | Reached XP level 3. HP: 36/36 MP: 3/3
   758 | D:2      | You pick up a book of Geomancy and begin reading...
   758 | D:2      | You add the spells Sandblast, Passwall, Stone Arrow,
                  | Petrify and Lee's Rapid Deconstruction to your library.
   785 | D:2      | Reached ** piety under Lugonu
  1325 | D:3      | Reached XP level 4. HP: 44/44 MP: 4/4
  1347 | D:3      | Reached skill level 3 in Fighting
  1515 | D:3      | Found a white marble altar of Elyvilon.
  1518 | D:3      | Found a hide-covered altar of Uskayaw.
  1584 | D:3      | Found a shadowy altar of Dithmenos.
  1584 | D:3      | Noticed a bullfrog
  1587 | D:3      | Reached skill level 3 in Unarmed Combat
  1589 | D:3      | Found a transporter.
  1794 | D:3      | Found a transporter.
  1974 | D:4      | Noticed a scorpion
  1987 | D:4      | Killed a scorpion
  1988 | D:4      | Reached XP level 5. HP: 22/53 MP: 4/6
  2050 | D:4      | Reached skill level 3 in Dodging
  2055 | D:4      | Reached skill level 3 in Invocations
  2130 | D:4      | Reached XP level 6. HP: 52/61 MP: 7/7
  2136 | D:4      | Reached *** piety under Lugonu
  2655 | D:5      | Entered Level 5 of the Dungeon
  3005 | D:5      | You pick up a book of Minor Magic and begin reading...
  3005 | D:5      | You add the spells Magic Dart, Blink, Call Imp, Slow,
                  | Conjure Flame and Mephitic Cloud to your library.
  3164 | D:5      | Found a staircase to the Ecumenical Temple.
  3348 | D:5      | Noticed a sky beast
  3349 | D:5      | Noticed a water moccasin
  3353 | D:5      | Killed a water moccasin
  3354 | D:5      | Reached skill level 4 in Fighting
  3354 | D:5      | Reached skill level 4 in Unarmed Combat
  3354 | D:5      | Reached XP level 7. HP: 56/70 MP: 8/8
  3591 | D:6      | Reached skill level 4 in Invocations
  3609 | D:6      | Noticed Dowan
  3634 | D:6      | Noticed Duvessa
  3640 | D:6      | Killed Duvessa
  3641 | D:6      | Reached skill level 4 in Dodging
  3811 | D:5      | Killed Dowan
  3859 | D:6      | Noticed Pikel
  3879 | D:6      | Killed Pikel
  3880 | D:6      | Reached skill level 5 in Unarmed Combat
  3880 | D:6      | Reached XP level 8. HP: 27/79 MP: 10/10
  3944 | D:6      | Noticed Blork the orc
  3949 | D:6      | Killed Blork the orc
  3950 | D:6      | Reached skill level 5 in Fighting
  4018 | D:6      | Reached skill level 5 in Invocations
  4278 | D:6      | Reached skill level 5 in Dodging
  4307 | D:6      | Found Luguo's Assorted Antiques.
  4353 | D:6      | Noticed Menkaure
  4380 | D:6      | Killed Menkaure
  4381 | D:6      | Reached skill level 6 in Unarmed Combat
  4649 | D:6      | Reached XP level 9. HP: 68/88 MP: 12/12
  4939 | D:6      | Bought a scroll labelled WOUJAXKEHA for 27 gold pieces
  4939 | D:6      | Bought a scroll labelled ODWEXK ETOORPH for 27 gold pieces
  4939 | D:6      | Bought a scroll labelled XAKHUU JOALA for 27 gold pieces
  5032 | D:7      | Identified a +1 robe of the Archmagi
  5357 | D:7      | Reached **** piety under Lugonu
  5930 | D:7      | Reached skill level 6 in Invocations
  6188 | D:8      | HP: 20/89 [gnoll (14)]
  6189 | D:8      | Reached skill level 6 in Fighting
  6342 | D:8      | Noticed Maggie
  6353 | D:8      | Killed Maggie
  6354 | D:8      | Reached skill level 6 in Dodging
  6354 | D:8      | Reached skill level 7 in Unarmed Combat
  6389 | D:8      | Noticed Maurice
  6396 | D:8      | Killed Maurice
  6568 | D:8      | Found a glowing golden altar of the Shining One.
  6635 | D:8      | Noticed Prince Ribbit
  6644 | D:8      | Killed Prince Ribbit
  6645 | D:8      | Reached XP level 10. HP: 65/100 MP: 14/14
  7325 | D:9      | Reached skill level 7 in Invocations
  7529 | D:9      | Noticed a two-headed ogre
  7588 | D:8      | Killed a two-headed ogre
  7589 | D:8      | Reached skill level 7 in Fighting
  7589 | D:8      | Reached skill level 8 in Unarmed Combat
  7895 | D:9      | Noticed a two-headed ogre
  7903 | D:9      | Killed a two-headed ogre
  7904 | D:9      | Reached skill level 7 in Dodging
  8219 | D:9      | Found a staircase to the Orcish Mines.
  8489 | D:10     | Entered Level 10 of the Dungeon
  8872 | D:10     | Reached skill level 8 in Invocations
  8872 | D:10     | Reached XP level 11. HP: 85/109 MP: 11/16
  9003 | D:10     | Reached ***** piety under Lugonu
  9013 | D:10     | Reached skill level 9 in Unarmed Combat
  9531 | D:11     | Found a staircase to the Lair.
  9539 | D:11     | Reached skill level 8 in Fighting
  9574 | D:11     | Noticed a green ugly thing
  9581 | D:11     | Killed a green ugly thing
  9746 | D:11     | Noticed a four-headed hydra
  9758 | D:11     | Killed a five-headed hydra
  9759 | D:11     | Reached skill level 8 in Dodging
  9975 | D:11     | Noticed Grum
 10010 | D:11     | Killed Grum
 10231 | D:12     | Noticed a centaur warrior
 10239 | D:12     | Killed a centaur warrior
 10246 | D:12     | Reached skill level 9 in Invocations
 10247 | D:12     | HP: 24/113 [manticore (9)]
 10510 | D:12     | Reached skill level 10 in Unarmed Combat
 10514 | D:12     | Noticed a two-headed ogre
 10519 | D:12     | Killed a two-headed ogre
 10527 | D:12     | Reached XP level 12. HP: 122/122 MP: 12/17
 10636 | D:12     | You pick up a book of Callings and begin reading...
 10636 | D:12     | You add the spells Summon Small Mammal, Call Canine
                  | Familiar, Summon Guardian Golem, Summon Lightning Spire and
                  | Summon Ice Beast to your library.
 10679 | D:12     | You pick up a book of Fire and begin reading...
 10679 | D:12     | You add the spells Ignite Poison, Fireball, Starburst and
                  | Ignition to your library.
 10899 | D:11     | Reached skill level 9 in Fighting
 11017 | Orc:1    | Entered Level 1 of the Orcish Mines
 11383 | Orc:1    | HP: 27/123 [orc warrior (15)]
 11551 | Orc:1    | Noticed an orc warlord
 11603 | Orc:1    | Reached skill level 9 in Dodging
 12356 | Orc:1    | Banished an orc warlord
 12595 | Orc:1    | an orc comes into view. It is wielding the +8 demon trident
                  | "Rift" {distort, reach+}.
 13114 | Orc:1    | Reached skill level 10 in Invocations
 13208 | Orc:1    | Noticed an orc high priest
 13231 | Orc:1    | HP: 28/120 [sun demon[an orc high priest] (9)]
 13281 | Orc:1    | Here: an orc, wielding the +8 demon trident "Rift"
                  | {distort, reach+}
 13450 | Orc:1    | Killed an orc high priest
 13451 | Orc:1    | Reached skill level 11 in Unarmed Combat
 13749 | Orc:2    | Entered Level 2 of the Orcish Mines
 13764 | Orc:1    | Reached ****** piety under Lugonu
 13893 | Orc:2    | Found a staircase to the Elven Halls.
 14057 | Orc:2    | HP: 18/126 [orc knight (26)]
 14071 | Orc:2    | HP: 30/126 [orc knight (20)]
 14721 | Orc:1    | Reached XP level 13. HP: 63/133 MP: 5/19
 15191 | Orc:2    | Reached skill level 10 in Fighting
 15517 | Orc:1    | Reached skill level 10 in Dodging
 15698 | Orc:2    | HP: 30/133 [orc warrior (10)]
 15941 | Orc:2    | Found Guyxout's Assorted Antiques.
 15941 | Orc:2    | Found Bepra's Magic Scroll Shoppe.
 15942 | Orc:2    | Found Safusi Baukh's Antique Armour Shoppe.
 15942 | Orc:2    | Found Wuitass's Jewellery Emporium.
 15959 | Orc:2    | Bought a creamy pearl robe for 125 gold pieces
 15959 | Orc:2    | Identified the +0 robe of the Trombone {Dex+2} (You bought
                  | it in a shop on level 2 of the Orcish Mines)
 15965 | Orc:2    | Bought a scroll of identify for 30 gold pieces
 15965 | Orc:2    | Bought a scroll of identify for 30 gold pieces
 15965 | Orc:2    | Bought a scroll of identify for 30 gold pieces
 15965 | Orc:2    | Bought a scroll of identify for 30 gold pieces
 15965 | Orc:2    | Bought a scroll of identify for 30 gold pieces
 15965 | Orc:2    | Bought a scroll of identify for 30 gold pieces
 16354 | D:12     | You pick up a book of the Tempests and begin reading...
 16354 | D:12     | You add the spells Static Discharge, Lightning Bolt, Polar
                  | Vortex and Shatter to your library.
 17093 | D:13     | HP: 26/135 [tengu warrior[a tengu conjurer] (11)]
 17237 | D:13     | You are cast into the Abyss!
 17237 | D:13     | Cast into level 2 of the Abyss (a wizard)
 17297 | Abyss:3  | Found a corrupted altar of Lugonu.
 17326 | Abyss:3  | Reached skill level 11 in Invocations
 17389 | Abyss:3  | Reached skill level 12 in Unarmed Combat
 17392 | Abyss:3  | Noticed a starcursed mass
 17394 | Abyss:3  | Noticed a hellephant
 17428 | Abyss:3  | HP: 26/108 [smoke demon/divine providence (8)]
 17430 | D:13     | You pass through the gate.
 17430 | D:13     | Escaped the Abyss
 17430 | D:13     | HP: 5/108 [tengu warrior[a tengu conjurer] (20)]
 17696 | D:13     | HP: 15/108 [rakshasa (illusionary) (18)]
 17700 | D:13     | HP: 7/108 [rock wall collision (2)]
 18304 | D:13     | HP: 20/135 [cyan ugly thing (15)]
 18671 | D:13     | Reached XP level 14. HP: 119/144 MP: 15/21
 18798 | D:14     | Found Lootz's Assorted Antiques.
 18806 | D:14     | Bought a polished cloak for 266 gold pieces
 18806 | D:14     | Identified the +0 cloak of Dishonour {Rampage Drain +Blink
                  | rPois} (You bought it in a shop on level 14 of the Dungeon)
 19269 | D:14     | Reached skill level 11 in Fighting
 19383 | D:14     | Found a gate to the Vaults.
 19718 | D:14     | Reached skill level 11 in Dodging
 19879 | D:14     | HP: 27/146 [centaur warrior (15)]
 20081 | D:14     | Identified the amulet of Hedonism {Spirit +Inv rN+ Int+4}
 20136 | D:14     | HP: 35/146 [skeletal warrior[a skeletal warrior] (20)]
 20637 | D:14     | Reached skill level 13 in Unarmed Combat
 20637 | D:14     | Reached skill level 12 in Invocations
 20857 | D:15     | Entered Level 15 of the Dungeon
 20940 | D:15     | Found Vodo Eth's Book Shop.
 21351 | D:15     | Noticed a stone giant
 21365 | D:15     | HP: 35/146 [stone giant (3)]
 21376 | D:15     | HP: 10/146 [stone giant/large rock (38)]
 21380 | D:15     | Killed a stone giant
 21862 | D:15     | Found a staircase to the Depths.
 22319 | Lair:1   | Entered Level 1 of the Lair of Beasts
 22326 | Lair:1   | You pick up a book of Unlife and begin reading...
 22326 | Lair:1   | You add the spells Animate Dead, Borgnjor's Vile Clutch,
                  | Death Channel and Simulacrum to your library.
 22416 | Lair:1   | Noticed Joseph
 22460 | D:11     | Upgraded the game from 0.27-a0-1324-ge0d8e047f6 to
                  | 0.27-a0-1325-g58a489ad9e
 22460 | D:11     | magus.rc [v1.9.10]
 22559 | Lair:1   | Killed Joseph
 22809 | Lair:1   | Reached skill level 1 in Throwing
 22813 | Lair:1   | Noticed Fannar
 22818 | Lair:1   | Reached skill level 1 in Armour
 22818 | Lair:1   | Reached XP level 15. HP: 146/156 MP: 19/23
 22848 | Lair:1   | Killed Fannar
 23824 | Lair:2   | Reached skill level 2 in Throwing
 24001 | Lair:2   | Reached skill level 2 in Armour
 24057 | Lair:2   | You fall into a shaft and drop 1 floor!
 24521 | Lair:3   | Reached skill level 3 in Throwing
 24662 | Lair:3   | Found a staircase to the Shoals.
 24734 | Lair:3   | Reached skill level 12 in Fighting
 25302 | Lair:4   | Noticed Sonja
 25318 | Lair:4   | Killed Sonja
 25319 | Lair:4   | Reached skill level 3 in Armour
 25408 | Lair:4   | Found a hole to the Spider Nest.
 25485 | Lair:4   | You pick up a book of Flames and begin reading...
 25485 | Lair:4   | You add the spells Foxfire, Inner Flame and Sticky Flame to
                  | your library.
 25933 | Lair:4   | Noticed Josephine
 25945 | Lair:4   | Killed Josephine
 26000 | Lair:4   | You pick up a book of Conjurations and begin reading...
 26000 | Lair:4   | You add the spells Searing Ray, Dazzling Flash, Fulminant
                  | Prism and Iskenderun's Mystic Blast to your library.
 26564 | Lair:5   | Reached skill level 4 in Throwing
 26726 | Lair:5   | Reached skill level 14 in Unarmed Combat
 26801 | Lair:5   | Found a viscous altar of Jiyva.
 26802 | Lair:5   | Found a staircase to the Slime Pits.
 26948 | Lair:5   | Reached skill level 13 in Invocations
 27294 | Lair:6   | Entered Level 6 of the Lair of Beasts
 27357 | Lair:6   | Found a stormy altar of Qazlal.
 27388 | Lair:6   | Found a frozen archway.
 27401 | IceCv    | Entered an ice cave
 27414 | IceCv    | Reached skill level 4 in Armour
 27763 | IceCv    | Found an ancient bone altar of Kikubaaqudgha.
 28404 | Lair:5   | HP: 28/158 [cane toad (15)]
 28409 | Lair:5   | HP: 29/158 [poisoned by a cane toad]
 28414 | Lair:5   | HP: 36/158 [poisoned by a cane toad]
 28518 | Lair:5   | Reached XP level 16. HP: 122/166 MP: 13/24
 28668 | Lair:6   | Reached skill level 5 in Throwing
 28949 | Lair:6   | HP: 41/167 [nine-headed hydra (10)]
 29337 | Lair:5   | HP: 36/167 [tyrant leech (12)]
 29558 | Lair:6   | Reached skill level 5 in Armour
 30103 | Lair:6   | You pick up a book of Clouds and begin reading...
 30103 | Lair:6   | You add the spells Poisonous Vapours and Freezing Cloud to
                  | your library.
 30115 | Lair:6   | Identified the +4 mace of the Onslaught {holy, Contam rN+
                  | Will+ Stlth+}
 30558 | Spider:1 | Entered Level 1 of the Spider Nest
 30813 | Depths:1 | Entered Level 1 of the Depths
 31027 | D:15     | Reached skill level 6 in Throwing
 32195 | Depths:1 | Found the +9 sword of Zonguldrok {reap}
 32313 | Depths:1 | You pick up a book of the Tempests and begin reading...
 32314 | Depths:1 | Identified the +6 mace of Xiphe {venom, Int+2}
 32317 | Depths:1 | Identified the ring of the Leaf {Fly EV+4 Int+5 Dex-4}
 32386 | D:15     | HP: 36/167 [white very ugly thing (20)]
 32390 | D:15     | HP: 17/167 [white very ugly thing (16)]
 32620 | Depths:1 | Reached skill level 6 in Armour
 32991 | Depths:1 | Reached skill level 13 in Fighting
 33164 | Depths:1 | Reached skill level 7 in Throwing
 33164 | Depths:1 | Reached skill level 15 in Unarmed Combat
 33187 | Depths:1 | Noticed a titan
 33199 | Depths:1 | Reached XP level 17. HP: 131/176 MP: 13/26
 33215 | Depths:1 | Identified the ring "Urisom" {rPois rC- Will+ Str-3 Stlth+}
 33355 | D:15     | HP: 41/176 [fire dragon (6)]
 33933 | Depths:1 | Killed a titan
 33934 | Depths:1 | Reached skill level 14 in Invocations
 34099 | D:15     | HP: 42/178 [spriggan defender (9)]
 34101 | D:15     | HP: 18/178 [spriggan defender (9)]
 34104 | D:15     | HP: 5/178 [spriggan defender (7)]
 34104 | D:15     | HP: 2/178 [spriggan defender (2)]
 34642 | Depths:1 | +0 storm dragon scales {rare}; a storm dragon corpse
 34694 | Depths:1 | +0 storm dragon scales {rare}; a storm dragon corpse
 34694 | Depths:1 | V - +0 storm dragon scales {rare}
 34816 | Depths:1 | HP: 34/178 [fire giant/bolt of fire (27)]
 34817 | Depths:1 | HP: 6/178 [fire giant/bolt of fire (30)]
 34836 | Depths:1 | You pass through the gate.
 34836 | Depths:1 | Escaped the Abyss
 34836 | Depths:1 | HP: 27/178 [fire giant/fireball (5)]
 34843 | Depths:1 | HP: 11/178 [iron troll (11)]
 34843 | Depths:1 | Slain by an iron troll

Vanquished Creatures
  A titan (Depths:1)
  2 storm dragons (Depths:1)
  A tengu reaver (Depths:1)
  2 fire giants
  2 frost giants (Depths:1)
  6 stone giants
  A spriggan defender (D:15)
  7 very ugly things
  A blizzard demon (Depths:1)
  7 fire dragons
  Josephine (Lair:4)
  An ettin (Depths:1)
  A yaktaur captain (D:14)
  A great orb of eyes (Depths:1)
  15 hydras
  Fannar (Lair:1)
  4 ice dragons
  2 boulder beetles
  2 catoblepae
  An ogre mage (D:14)
  4 centaur warriors
  5 two-headed ogres
  2 dancing weapons (Depths:1)
  5 tengu warriors
  8 death yaks
  A deep troll earth mage (D:15)
  Sonja (Lair:4)
  A storm dragon zombie (Depths:1)
  6 orc high priests
  2 sun demons (Depths:1)
  7 skeletal warriors
  A wretched star (Abyss:3)
  2 iron trolls (D:15)
  4 deep trolls (D:15)
  3 wizards
  2 necromancers
  7 orc knights
  Pikel (D:6)
  A lindwurm (Lair:6)
  2 deep elf pyromancers
  A fire giant zombie (Depths:1)
  An orc sorcerer (Orc:1)
  7 manticores
  20 ugly things
  2 wolf spiders
  An elf zombie (Depths:1)
  8 elephants
  3 cyclopes
  Maurice (D:8)
  Joseph (Lair:1)
  An ice statue (IceCv)
  33 cane toads
  6 black mambas
  2 smoke demons (Depths:1)
  Maggie (D:8)
  A rime drake (Lair:1)
  An efreet (D:13)
  5 kobold demonologists
  3 yaktaurs (D:14)
  10 freezing wraiths (IceCv)
  11 komodo dragons
  A hellion (Depths:1)
  4 ice devils (Depths:1)
  2 ancient zymes (Abyss:3)
  A yaktaur (shapeshifter) (D:15)
  4 tengu conjurers
  6 trolls
  4 tyrant leeches
  3 hornets
  7 slime creatures
  A wolf spider simulacrum (IceCv)
  A wind drake (Lair:3)
  A polar bear (Lair:4)
  Prince Ribbit (D:8)
  14 dream sheep
  19 blink frogs
  A deep troll skeleton (Depths:1)
  A vampire (D:12)
  A redback (Lair:4)
  4 shadows
  5 wyverns
  9 basilisks
  24 yaks
  5 wraiths
  Grum (D:11)
  A human (shapeshifter) (D:14)
  12 vampire mosquitoes
  2 steam dragons
  A death yak simulacrum (IceCv)
  A warg (Orc:1)
  Menkaure (D:6)
  Duvessa (D:6)
  17 water moccasins
  An acid dragon (D:14)
  2 sky beasts
  A floating eye (shapeshifter) (D:14)
  8 black bears
  7 ice beasts
  49 orc warriors
  A fire dragon simulacrum (Depths:1)
  9 ogres
  2 necrophages
  10 wolves
  10 centaurs
  3 lemures
  10 kobold brigands
  25 bullfrogs
  2 gnoll sergeants
  6 scorpions
  Blork the orc (D:6)
  Dowan (D:5)
  A wyvern skeleton (D:7)
  8 wights
  2 electric eels
  A crimson imp (Depths:1)
  A bullfrog zombie (D:5)
  5 draconian simulacra (IceCv)
  A lava snake (Lair:5)
  3 centaur zombies
  32 orc priests
  2 hounds
  A gnoll shaman (D:8)
  2 scorpion zombies (D:5)
  25 orc wizards
  4 iguanas
  4 hell rats (Lair:3)
  A polar bear simulacrum (IceCv)
  3 spriggan simulacra (IceCv)
  3 troll simulacra (IceCv)
  A wolf simulacrum (IceCv)
  2 centaur simulacra (IceCv)
  A hound skeleton (D:4)
  A howler monkey zombie (D:5)
  12 gnolls
  4 ogre simulacra (IceCv)
  2 adders
  3 naga simulacra (IceCv)
  26 white imps
  An adder skeleton (D:4)
  2 worms
  2 dart slugs
  83 orcs
  9 ball pythons
  5 endoplasms
  7 giant cockroaches
  8 goblins
  13 hobgoblins
  8 jackals
  5 quokkas
  12 bats
  3 frilled lizards
  22 kobolds
  5 rats
  A fire vortex (Orc:2)
884 creatures vanquished.

Vanquished Creatures (collateral kills)
  A rakshasa (D:13)
  A vampire mosquito (Lair:6)
  A water moccasin (Lair:6)
  2 white imps (Lair:6)
5 creatures vanquished.

Vanquished Creatures (others)
  An orc wizard (Orc:2)
  A white imp (Depths:1)
  23 fungi
  93 plants
  2 starspawn tentacles (Abyss:1)
120 creatures vanquished.

Grand Total: 1009 creatures vanquished

Table legend:
 A = Non-vault XP
 B = Vault XP
 C = Vault XP percentage of total XP
 D = Non-vault monster count
 E = Vault monster count
 F = Vault count percentage of total count
                 A         B        C        D         E       F
            +---------+---------+-------+---------+---------+-------
      Total |  129201 |  108806 |  45.7 |     539 |     349 |  39.3
            +---------+---------+-------+---------+---------+-------
        D:1 |      45 |       0 |   0.0 |      27 |       0 |   0.0
        D:2 |      31 |      17 |  35.4 |      19 |       8 |  29.6
        D:3 |      67 |       0 |   0.0 |      19 |       0 |   0.0
        D:4 |     178 |      90 |  33.6 |      13 |       4 |  23.5
        D:5 |     530 |      85 |  13.8 |      14 |       1 |   6.7
        D:6 |     959 |    1009 |  51.3 |      13 |       4 |  23.5
        D:7 |     581 |     209 |  26.5 |      14 |       2 |  12.5
        D:8 |    2459 |    1102 |  30.9 |      23 |       3 |  11.5
        D:9 |    2505 |    1218 |  32.7 |      25 |      29 |  53.7
       D:10 |    1963 |       0 |   0.0 |      16 |       0 |   0.0
       D:11 |    4394 |    2395 |  35.3 |      10 |      12 |  54.5
       D:12 |   10416 |       0 |   0.0 |      34 |       0 |   0.0
       D:13 |   12905 |     970 |   7.0 |      39 |       2 |   4.9
       D:14 |   11200 |    8502 |  43.2 |      20 |      21 |  51.2
       D:15 |   15598 |   16812 |  51.9 |      23 |      15 |  39.5
     Lair:1 |    6243 |    2591 |  29.3 |      20 |      10 |  33.3
     Lair:2 |    4885 |     427 |   8.0 |      18 |       1 |   5.3
     Lair:3 |   10885 |     868 |   7.4 |      26 |       3 |  10.3
     Lair:4 |    5345 |    3376 |  38.7 |      18 |      14 |  43.8
     Lair:5 |   13494 |    6643 |  33.0 |      38 |      24 |  38.7
     Lair:6 |   11428 |    6242 |  35.3 |      28 |      34 |  54.8
   Spider:1 |     535 |       0 |   0.0 |       1 |       0 |   0.0
      Orc:1 |    2271 |   10247 |  81.9 |      45 |      37 |  45.1
      Orc:2 |    3165 |    5105 |  61.7 |      25 |      37 |  59.7
   Depths:1 |    5654 |   34293 |  85.8 |       8 |      34 |  81.0
    Abyss:3 |    1465 |       0 |   0.0 |       3 |       0 |   0.0
      IceCv |       0 |    6605 | 100.0 |       0 |      54 | 100.0
            +---------+---------+-------+---------+---------+-------

Illustrated notes

Table legend:
 A = Kills in this place as a percentage of kills in entire the game.
 B = Kills by you in this place as a percentage of kills by you in the entire game.
 C = Kills by friends in this place as a percentage of kills by friends in the entire game.
 D = Other kills in this place as a percentage of other kills in the entire game.
 E = Experience gained in this place as a percentage of experience gained in the entire game.
 F = Experience gained in this place divided by the number of levels of this place that you have seen.
                   A       B       C       D       E      F
               +-------+-------+-------+-------+-------+----------------------
         Total | 100.0 | 100.0 | 100.0 | 100.0 | 100.0 | 7933.6
       Dungeon |  46.2 |  46.5 |  20.0 |   0.0 |  40.4 | 6416.0
          Lair |  26.4 |  26.1 |  80.0 |   0.0 |  30.4 | 12071.2
   Spider Nest |   0.1 |   0.1 |   0.0 |   0.0 |   0.2 | 535.0
  Orcish Mines |  16.2 |  16.0 |   0.0 | 100.0 |   8.7 | 10394.0
        Depths |   4.7 |   4.8 |   0.0 |   0.0 |  16.8 | 39947.0
         Abyss |   0.3 |   0.3 |   0.0 |   0.0 |   0.6 | 366.2
      Ice Cave |   6.1 |   6.1 |   0.0 |   0.0 |   2.8 | 6605.0
               +-------+-------+-------+-------+-------+----------------------

Table legend: (Time is in decaauts)
 A = Elapsed time spent in this place.
 B = Non-inter-level travel time spent in this place.
 C = Inter-level travel time spent in this place.
 D = Time resting spent in this place.
 E = Time spent auto-exploring this place.
 F = Levels seen in this place.
 G = Mean time per level.
                   A        B        C        D        E       F      G
               +--------+--------+--------+--------+--------+-----+--------+
         Total |  34480 |  32808 |   1672 |   4279 |  20708 |  30 | 1149.3 |
       Dungeon |  19743 |  18677 |   1066 |   2786 |  12194 |  15 | 1316.2 |
          Lair |   7278 |   6930 |    348 |    450 |   5044 |   6 | 1213.0 |
   Spider Nest |     27 |     27 |      0 |      0 |     12 |   1 |   27.0 |
  Orcish Mines |   4109 |   3888 |    221 |    679 |   1995 |   2 | 2054.5 |
        Depths |   2070 |   2035 |     35 |    225 |   1019 |   1 | 2070.0 |
         Abyss |    303 |    303 |      0 |     24 |     98 |   4 |   75.8 |
      Ice Cave |    947 |    947 |      0 |    115 |    345 |   1 |  947.0 |
               +--------+--------+--------+--------+--------+-----+--------+

Top non-repeatable levels by time:
    D:15: 3208 daAuts
   Orc:1: 2671 daAuts
    D:14: 2274 daAuts
Depths:1: 2070 daAuts
     D:9: 2040 daAuts
  Lair:5: 1830 daAuts
   Orc:2: 1438 daAuts
    D:12: 1437 daAuts
    D:13: 1433 daAuts
  Lair:6: 1398 daAuts
     D:8: 1325 daAuts
     D:6: 1282 daAuts
  Lair:3: 1235 daAuts
    D:11: 1210 daAuts
  Lair:4: 1179 daAuts
